 Dungeon Crawl Stone Soup version 0.23-a0-85-g22930c1 (webtiles) character file.

94747 KristoblXynda the Carver (level 15, -8/126 HPs)
             Began as a Grey Draconian Monk on Aug 13, 2018.
             Was the Champion of Qazlal.
             Mangled by an entropy weaver (17 damage)
             ... on level 1 of the Spider Nest.
             The game lasted 01:00:12 (23265 turns).

KristoblXynda the Carver (Grey Draconian Monk)     Turns: 23265, Time: 01:00:13

Health: -8/126     AC:  6    Str: 14    XL:     15   Next: 64%
Magic:  27/27      EV:  9    Int: 16    God:    Qazlal [******]
Gold:   2280       SH:  0    Dex: 14    Spells: 28/31 levels left

rFire    + . .     SeeInvis .   g - +7 Screaming Sword
rCold    . . .     Gourm    .   A - +3 shield {rF+}
rNeg     + . .     Faith    .   (armour unavailable)
rPois    +         Spirit   .   (helmet restricted)
rElec    .         Reflect  .   x - +2 cloak
rCorr    .         Harm     .   D - +2 pair of gloves of Geosaggi {+Blink rPois rN+}
MR       ++...                  R - +2 pair of boots
Stlth    +.........             L - amulet of the acrobat
HPRegen  0.31/turn              K - +3 ring of slaying
MPRegen  0.20/turn              o - ring of protection from magic

@: protected from physical damage, corroded, held, studying Crossbows, repel
missiles
A: walk through water, unfitting armour, unbreathing, cold-blooded, AC +14
a: Upheaval, Elemental Force, Disaster Area, Renounce Religion, Evoke Blink


You were on level 1 of the Spider Nest.
You worshipped Qazlal.
Qazlal was exalted by your worship.
You were not hungry.

You visited 5 branches of the dungeon, and saw 25 of its levels.
You visited the Abyss 1 time.
You also visited: Volcano.

You collected 2345 gold pieces.
You spent 65 gold pieces at shops.

Inventory:

Hand Weapons
 g - the +7 Screaming Sword (weapon)
   (You found it on level 6 of the Dungeon)
 m - a +7 long sword of flaming
Missiles
 t - 2 throwing nets (quivered)
Armour
 x - a +2 cloak (worn)
 A - a +3 shield of fire resistance (worn)
 D - the +2 pair of gloves of Geosaggi (worn) {+Blink rPois rN+}
   (You found it on level 12 of the Dungeon)

   It protects you from poison.
   It protects you from negative energy.
   It lets you blink.
 R - a +2 pair of boots (worn)
Jewellery
 o - a ring of protection from magic (right hand)
 K - a +3 ring of slaying (left hand)
 L - an amulet of the acrobat (around neck)
Wands
 h - a wand of paralysis (16)
 E - a wand of iceblast (9)
 H - a wand of acid (1)
 S - a wand of digging (8)
Scrolls
 b - 10 scrolls of teleportation
 i - 14 scrolls of remove curse
 l - 2 scrolls of enchant armour
 r - 4 scrolls of identify
 w - 5 scrolls of magic mapping
 y - 3 scrolls of fear
 T - a scroll of fog
Potions
 d - 3 potions of curing
 e - 2 potions of cancellation
 f - 2 potions of haste
 j - 3 potions of agility
 n - 3 potions of mutation
 p - 2 potions of berserk rage
 q - a potion of invisibility
 s - 3 potions of ambrosia
 z - 4 potions of resistance
 B - a potion of brilliance
 F - 2 potions of magic
 I - 2 potions of flight
 N - a potion of might
 P - a potion of lignification
 Q - 3 potions of heal wounds
Books
 O - a manual of Crossbows
Miscellaneous
 v - a lightning rod (4/4)
Comestibles
 a - 19 rations
 c - a chunk of flesh


   Skills:
 - Level 10.0 Fighting
 - Level 12.3 Long Blades
   Level 4.3 Polearms
 - Level 10.0 Dodging
 - Level 1.7 Stealth
 + Level 11.5 Shields
 - Level 3.6 Unarmed Combat
 + Level 8.7 Spellcasting
 + Level 5.6 Hexes
 - Level 11.3 Invocations
 - Level 10.0 Evocations


You had 28 spell levels left.
You knew the following spells:

 Your Spells              Type           Power        Failure   Level  Hunger
a - Tukima's Dance        Hex            ####....     4%          3    #......

Your spell library contained the following spells:

 Spells                   Type           Power        Failure   Level  Hunger
 Cause Fear               Hex            ####......   16%         4    ###....
 Fireball                 Conj/Fire      #.........   99%         5    #####..
 Apportation              Tloc           #.....       16%         1    None
 Conjure Flame            Conj/Fire      #.......     43%         3    #......
 Bolt of Magma            Conj/Fire/Erth #.........   99%         5    #####..
 Confuse                  Hex            ####....     4%          3    #......
 Invisibility             Hex            ####....     94%         6    ######.
 Throw Flame              Conj/Fire      #.....       24%         2    None
 Mephitic Cloud           Conj/Pois/Air  #.......     43%         3    #......
 Venom Bolt               Conj/Pois      #.........   99%         5    #####..
 Olgreb's Toxic Radiance  Pois           #.......     85%         4    ###....
 Summon Small Mammal      Summ           #...         16%         1    None
 Sticky Flame             Conj/Fire      #.......     85%         4    ###....
 Summon Ice Beast         Ice/Summ       #.......     85%         4    ###....
 Call Imp                 Summ           #.......     24%         2    None
 Regeneration             Chrm/Necr      #.........   43%         3    #......
 Sting                    Conj/Pois      #...         16%         1    None
 Iron Shot                Conj/Erth      #.........   100%        6    ######.
 Death Channel            Necr           #.........   100%        6    ######.
 Deflect Missiles         Chrm/Air       #.........   100%        6    ######.
 Confusing Touch          Hex            ####..       1%          1    None
 Flame Tongue             Conj/Fire      #....        16%         1    None
 Call Canine Familiar     Summ           #.......     43%         3    #......
 Metabolic Englaciation   Hex/Ice        ###.......   80%         5    #####..
 Summon Butterflies       Summ           #.......     16%         1    None
 Silence                  Hex/Air        ###.......   80%         5    #####..
 Alistair's Intoxication  Tmut/Pois      #.......     99%         5    #####..
 Petrify                  Tmut/Erth      #.......     85%         4    ###....
 Orb of Destruction       Conj           #.........   100%        7    #######
 Malign Gateway           Summ/Tloc      #.........   100%        7    #######
 Inner Flame              Hex/Fire       ###.....     16%         3    #......
 Iskenderun's Battlesphe  Conj/Chrm      #.......     99%         5    #####..
 Discord                  Hex            ####......   100%        8    #######
 Summon Lightning Spire   Summ/Air       #.......     85%         4    ###....
 Summon Guardian Golem    Hex/Summ       ###.....     16%         3    #......
 Spellforged Servitor     Conj/Summ      #.........   100%        7    #######
 Gell's Gravitas          Tloc           #.........   43%         3    #......
 Yara's Violent Unravell  Hex/Tmut       ###.......   80%         5    #####..
 Lesser Beckoning         Tloc           #.........   43%         3    #......
 Poisonous Vapours        Pois/Air       #.....       24%         2    None


Dungeon Overview and Level Annotations

Branches:
Dungeon (15/15)            Temple (1/1) D:7            Lair (6/6) D:10
 Shoals (0/4) Lair:3       Spider (1/4) Lair:3        Slime (0/5) Lair:5
    Orc (2/2) D:10            Elf (0/3) Orc:2        Vaults (0/5) D:13
 Depths: D:15

Altars:
Ashenzari
Cheibriados
Dithmenos
Elyvilon
Fedhas
Gozag
Hepliaklqana
Kikubaaqudgha
Makhleb
Nemelex Xobeh
Okawaru
Qazlal
Ru
Sif Muna
Trog
Uskayaw
Vehumet
Wu Jian
Xom
Yredelemnul
Zin
The Shining One
Beogh

Shops:
D:7 (   D:10 (   D:13 (   Orc:2 ?**[(

Annotations:
D:9 1 transporter, 1 runed door, jjfam's ghost, novice DDFi
D:15 Louise


Innate Abilities, Weirdness & Mutations

You can walk through water.
Your dull iron-grey scales are very hard. (AC +14)
You cannot fit into any form of body armour.
You can survive without breathing.
You are cold-blooded and may be slowed by cold attacks.


Message History

The Screaming Sword complains, "This is a chore."
The jumping spider pounces on you!
* * * LOW HITPOINT WARNING * * *
The jumping spider bites you.
* * * LOW HITPOINT WARNING * * *
You feel more protected from physical attacks.
You struggle to detach yourself from the web.
The Screaming Sword says, "Murder is the only thing that has any meaning these days."
The jumping spider and the entropy weaver are hurt by the noise.
You hear an angry hiss. x2
The jumping spider leaps!
You hear an angry hiss.
Evoke which item? (* to show all) (? for menu, Esc to quit)
Aiming: Corrosive Bolt
Press: ? - help, Shift-Dir - straight line The bolt of acid misses the entropy weaver.
The entropy weaver hits you!
* * * LOW HITPOINT WARNING * * *
The entropy weaver hits you!
You die...

###...†.##.....
..
#..#.#..#..##.#
#
#.#..###....>...
#..#..†###..###.
#####....##....
#.#.....#.
#.§#......#
#†>#.#.#...
#@#..#.# #^
#$a##...§. #..§†
.##..# #.##. #.
.# # #. # ! #.
†. ..


You could see an entropy weaver.

Vanquished Creatures
  Kirke (Lair:6)
  An orc warlord (Orc:2)
  4 entropy weavers (Spider:1)
  The ghost of eyesofgods1 the Brawler, a journeyman TrMo of Hepliaklqana (Lair:2)
  A great orb of eyes (D:15)
  4 hydras
  The ghost of Dapus the Carver, a journeyman VSFi of Cheibriados (Lair:2)
  The ghost of soark the Destroyer, a journeyman HuCj of Vehumet (D:11)
  A catoblepas (Lair:6)
  A death knight (D:13)
  The ghost of kirsanium the Fighter, a novice MiFi of Uskayaw (Lair:2)
  2 centaur warriors
  A deep troll shaman (Lair:6)
  3 death yaks (Lair:6)
  A queen ant (Spider:1)
  5 two-headed ogres
  An orc high priest (Orc:2)
  A skeletal warrior (D:13)
  2 unseen horrors
  A phantasmal warrior (D:13)
  A necromancer (D:13)
  A lindwurm (Lair:2)
  3 orc knights
  8 wolf spiders
  5 orb spiders (Spider:1)
  An orc sorcerer (Orc:2)
  A spectral centaur (D:11)
  5 ugly things
  2 salamanders (Volcano)
  2 cyclopes
  2 centaur zombies
  A moth of wrath (Spider:1)
  18 elephants
  4 black mambas
  13 spiny frogs
  4 molten gargoyles (D:10)
  5 gargoyles
  2 demonic crawlers (Spider:1)
  3 komodo dragons
  7 rime drakes
  A freezing wraith (D:13)
  6 trolls
  6 meliai
  3 polar bears
  2 jumping spiders (Spider:1)
  2 hornets
  Prince Ribbit (D:6)
  3 blink frogs (Lair:5)
  5 dream sheep (Lair:5)
  8 hippogriffs
  13 redbacks
  4 tarantellas
  39 yaks
  A shadow (D:13)
  A vampire (D:13)
  3 wyverns
  3 hogs (Lair:6)
  3 wraiths
  A fire bat (Volcano)
  Eustachio (D:6)
  Grum (D:8)
  A human (D:8)
  4 basilisks
  2 hungry ghosts
  6 vampire mosquitoes
  A small abomination (Abyss:2)
  2 wargs
  An insubstantial wisp (Lair:1)
  Menkaure (D:7)
  27 soldier ants
  2 hell hounds (Volcano)
  9 porcupines
  9 water moccasins
  46 orc warriors
  4 sky beasts
  4 ice beasts
  2 black bears
  An eye of draining (D:13)
  5 ogres
  6 phantoms
  15 wolves
  A necrophage (D:9)
  2 centaurs
  16 crocodiles
  3 boggarts (D:15)
  18 bullfrogs
  2 big kobolds
  2 wyvern skeletons
  15 scorpions
  18 wights
  9 killer bees
  A spectral bullfrog (D:11)
  4 electric eels (Lair:3)
  6 crimson imps
  2 quasits
  2 jellies (Lair:5)
  A lava snake (D:12)
  Crazy Yiuf (D:6)
  3 bullfrog skeletons
  6 hounds
  31 orc wizards
  24 orc priests
  3 centaur skeletons
  4 iguanas
  27 worker ants
  A bullfrog simulacrum (D:11)
  A centaur simulacrum (D:11)
  2 hound skeletons (D:6)
  11 adders
  9 gnolls
  5 shadow imps
  3 oozes (Lair:5)
  An adder zombie (D:5)
  7 worms
  7 leopard geckos
  106 orcs
  5 ball pythons (D:3)
  13 bats
  8 giant cockroaches
  7 goblins
  9 hobgoblins
  19 jackals
  8 kobolds
  6 quokkas
  4 frilled lizards
  7 rats
  A butterfly (D:9)
  10 fungi
  4 plants (Lair:6)
832 creatures vanquished.

Vanquished Creatures (others)
  A two-headed ogre (Volcano)
  A soldier ant (Spider:1)
  A porcupine (Lair:5)
  A black bear (D:8)
  A scorpion (D:6)
  An orc priest (D:8)
  An adder (D:3)
  3 orcs (D:8)
  30 fungi
  17 plants
  4 withered plants (Lair:2)
61 creatures vanquished.

Grand Total: 893 creatures vanquished

Notes
Turn   | Place    | Note
-------+----------+-------------------------------------------
     0 | D:1      | KristoblXynda the Draconian Monk began the quest for the Orb.
     0 | D:1      | Reached XP level 1. HP: 19/19 MP: 1/1
   138 | D:1      | Reached XP level 2. HP: 24/26 MP: 2/2
   906 | D:2      | Reached XP level 3. HP: 27/31 MP: 3/3
  1974 | D:3      | Reached skill level 1 in Shields
  1976 | D:3      | Reached XP level 4. HP: 40/40 MP: 4/4
  2323 | D:3      | Reached XP level 5. HP: 39/46 MP: 5/5
  3157 | D:4      | Reached XP level 6. HP: 53/53 MP: 6/6
  3281 | D:5      | Entered Level 5 of the Dungeon
  3281 | D:5      | Found an iron altar of Okawaru.
  3283 | D:5      | Found a shadowy altar of Dithmenos.
  3285 | D:5      | Found an ancient bone altar of Kikubaaqudgha.
  3285 | D:5      | Found a hazy altar of Hepliaklqana.
  3727 | D:5      | Reached skill level 5 in Fighting
  3931 | D:5      | Reached skill level 1 in Polearms
  4056 | D:5      | Your scales start taking on a dull iron-grey colour.
  4056 | D:5      | Reached XP level 7. HP: 61/61 MP: 7/7
  4056 | D:5      | Gained mutation: You can survive without breathing. [Grey Draconian growth]
  4134 | D:6      | Noticed Prince Ribbit
  4141 | D:6      | Killed Prince Ribbit
  4141 | D:6      | Reached skill level 5 in Dodging
  4747 | D:6      | Noticed Eustachio
  4810 | D:6      | Killed Eustachio
  4810 | D:6      | Reached XP level 8. HP: 60/68 MP: 8/8
  4960 | D:6      | Reached skill level 5 in Shields
  5271 | D:6      | Found the +7 Singing Sword
  5273 | D:6      | Cast into level 2 of the Abyss (a distortion unwield)
  5273 | Abyss:2  | Found a corrupted altar of Lugonu.
  5294 | Abyss:2  | Noticed a worldbinder
  5298 | Abyss:2  | Reached skill level 1 in Long Blades
  5317 | D:6      | Escaped the Abyss
  5439 | D:6      | Reached XP level 9. HP: 68/75 MP: 9/9
  5511 | D:6      | Reached skill level 2 in Long Blades
  6011 | D:6      | Found a runed door.
  6015 | D:6      | Noticed Crazy Yiuf
  6020 | D:6      | Killed Crazy Yiuf
  6148 | D:7      | Found a staircase to the Ecumenical Temple.
  6176 | Temple   | Entered the Ecumenical Temple
  6183 | Temple   | Became a worshipper of Qazlal Stormbringer
  6183 | Temple   | Reached * piety under Qazlal
  6183 | Temple   | Reached ** piety under Qazlal
  6230 | D:7      | Noticed Menkaure
  6246 | D:7      | Reached skill level 3 in Long Blades
  6252 | D:7      | Killed Menkaure
  6252 | D:7      | Reached skill level 1 in Invocations
  6345 | D:7      | Found Argholue's Antique Weapon Emporium.
  6419 | D:7      | Reached skill level 4 in Long Blades
  6653 | D:7      | Found an ornate altar of the Wu Jian Council.
  6918 | D:8      | Reached skill level 5 in Long Blades
  7135 | D:8      | Noticed Grum
  7151 | D:8      | Reached skill level 6 in Long Blades
  7164 | D:8      | Killed Grum
  7164 | D:8      | Reached XP level 10. HP: 58/83 MP: 12/12
  7179 | D:8      | Reached *** piety under Qazlal
  7647 | D:9      | Found a shattered altar of Ashenzari.
  7813 | D:9      | Noticed jjfam's ghost (novice DDFi)
  7817 | D:9      | Found a transporter.
  7844 | D:9      | Noticed a two-headed ogre
  8037 | D:9      | Reached skill level 7 in Long Blades
  8096 | D:9      | Reached skill level 5 in Invocations
  8177 | D:9      | Found a runed door.
  8194 | D:9      | Found a runed door.
  8364 | D:9      | Found a deep blue altar of Sif Muna.
  8376 | D:9      | Identified Sif Muna's Collected Works on Translocation
  8486 | D:10     | Entered Level 10 of the Dungeon
  8587 | D:10     | Reached skill level 8 in Long Blades
  8695 | D:10     | Found a staircase to the Orcish Mines.
  8757 | D:10     | Noticed a molten gargoyle
  8776 | D:10     | Killed a molten gargoyle
  8781 | D:10     | Noticed a molten gargoyle
  8785 | D:10     | Killed a molten gargoyle
  8785 | D:10     | Reached **** piety under Qazlal
  8944 | D:10     | Found a staircase to the Lair.
  9072 | D:10     | Found a burning altar of Makhleb.
  9076 | D:10     | Noticed a molten gargoyle
  9085 | D:10     | Killed a molten gargoyle
  9085 | D:10     | Reached XP level 11. HP: 59/89 MP: 15/15
  9100 | D:10     | Reached skill level 1 in Evocations
  9302 | D:10     | Found Keto Dua's Antique Weapon Shop.
  9460 | D:10     | Reached skill level 9 in Long Blades
  9694 | Lair:1   | Entered Level 1 of the Lair of Beasts
  9953 | D:11     | Killed an unseen horror
 10386 | D:11     | Found a runed gate.
 10386 | D:11     | Found a runed gate.
 10387 | D:11     | Found a runed gate.
 10537 | D:11     | Noticed soark's ghost (journeyman HuCj)
 10590 | D:11     | Killed soark's ghost
 10771 | D:12     | Reached ***** piety under Qazlal
 10935 | D:12     | Killed an unseen horror
 11106 | D:12     | Got a pair of scorched gloves
 11112 | D:12     | Identified the +2 pair of gloves of Geosaggi {+Blink rPois rN+} (You found it on level 12 of the Dungeon)
 11126 | D:12     | Reached skill level 10 in Long Blades
 11238 | D:13     | Noticed a two-headed ogre
 11243 | D:13     | Killed a two-headed ogre
 11250 | D:13     | Reached skill level 10 in Dodging
 11337 | D:13     | Noticed a death knight
 11337 | D:13     | Noticed a skeletal warrior
 11342 | D:13     | Killed a skeletal warrior
 11342 | D:13     | Reached skill level 5 in Evocations
 11342 | D:13     | Reached XP level 12. HP: 75/96 MP: 10/18
 11347 | D:13     | HP: 1/96 [death knight/battleaxe (30)]
 11349 | D:13     | Killed a death knight
 11394 | D:13     | Noticed a centaur warrior
 11879 | D:13     | Noticed a two-headed ogre
 11880 | D:13     | Noticed a two-headed ogre
 11885 | D:13     | Killed a two-headed ogre
 11885 | D:13     | Killed a two-headed ogre
 11989 | D:13     | Found a gate to the Vaults.
 12132 | D:13     | Killed a centaur warrior
 12132 | D:13     | Reached skill level 11 in Long Blades
 12218 | D:13     | Found Hikerem's Antique Weapon Emporium.
 12461 | D:14     | Reached skill level 10 in Invocations
 12656 | D:14     | Found a shadowy altar of Dithmenos.
 12676 | D:14     | Reached ****** piety under Qazlal
 12912 | D:14     | Noticed a six-headed hydra
 12920 | D:14     | Killed a one-headed hydra
 12920 | D:14     | Reached XP level 13. HP: 91/108 MP: 20/20
 13083 | D:15     | Entered Level 15 of the Dungeon
 13098 | D:15     | Paralysed by a great orb of eyes for 5 turns
 13130 | D:15     | HP: 4/108 [meliai/divine providence (15)]
 13621 | Lair:1   | Learned a level 3 spell: Tukima's Dance
 14405 | Lair:2   | Found a dark tunnel.
 14414 | Volcano  | Entered a volcano
 14943 | Volcano  | Identified a scroll of acquirement
 15177 | Lair:2   | Found a runed gate.
 15177 | Lair:2   | Found a runed gate.
 15179 | Lair:2   | Noticed kirsanium's ghost (novice MiFi)
 15180 | Lair:2   | Noticed eyesofgods1's ghost (journeyman TrMo)
 15182 | Lair:2   | Found a runed gate.
 15183 | Lair:2   | Noticed Dapus's ghost (journeyman VSFi)
 15189 | Lair:2   | Found an ornate altar of the Wu Jian Council.
 15781 | Lair:2   | Killed Dapus's ghost
 15783 | Lair:2   | Killed kirsanium's ghost
 15783 | Lair:2   | Reached skill level 12 in Long Blades
 15784 | Lair:2   | Killed eyesofgods1's ghost
 15803 | Lair:2   | Identified Jelomaam's Reference Book on Unstable Evil
 15942 | Lair:3   | Found a hole to the Spider Nest.
 16033 | Lair:3   | Reached skill level 10 in Fighting
 16289 | Lair:3   | Found a staircase to the Shoals.
 16964 | Lair:4   | Reached skill level 1 in Spellcasting
 17323 | Lair:4   | Reached XP level 14. HP: 112/121 MP: 22/22
 18050 | Lair:5   | Found a staircase to the Slime Pits.
 18569 | Lair:6   | Entered Level 6 of the Lair of Beasts
 18776 | Lair:6   | Reached skill level 10 in Evocations
 18909 | Lair:6   | Noticed Kirke
 18912 | Lair:6   | Noticed a sphinx
 18927 | Lair:6   | Killed Kirke
 18927 | Lair:6   | Reached skill level 5 in Spellcasting
 19998 | Orc:1    | Entered Level 1 of the Orcish Mines
 20140 | Orc:2    | Entered Level 2 of the Orcish Mines
 20177 | Orc:2    | Reached skill level 1 in Hexes
 20288 | Orc:2    | Found a roughly hewn altar of Beogh.
 20303 | Orc:2    | Found Caages's Assorted Antiques.
 20334 | Orc:2    | Found a roughly hewn altar of Beogh.
 20348 | Orc:2    | Reached skill level 10 in Shields
 20405 | Orc:2    | Found a staircase to the Elven Halls.
 20448 | Orc:2    | Found a roughly hewn altar of Beogh.
 20459 | Orc:2    | Found Odwifuij's Magic Scroll Shop.
 20471 | Orc:2    | Bought a scroll of identify for 26 gold pieces
 20471 | Orc:2    | Bought a scroll of teleportation for 39 gold pieces
 20516 | Orc:2    | Found a roughly hewn altar of Beogh.
 20650 | Orc:2    | Found a roughly hewn altar of Beogh.
 20856 | Orc:2    | Found Xyubb's Assorted Antiques.
 20877 | Orc:2    | Noticed an orc warlord
 20882 | Orc:2    | Killed an orc warlord
 20882 | Orc:2    | Reached XP level 15. HP: 94/126 MP: 25/25
 20890 | Orc:2    | Found Cohohit's Antique Weapon Emporium.
 20899 | Orc:2    | Found a roughly hewn altar of Beogh.
 20901 | Orc:2    | Found Qielun's Antique Armour Shoppe.
 21638 | D:15     | Noticed Louise
 21986 | Spider:1 | Entered Level 1 of the Spider Nest
 22993 | Spider:1 | Reached skill level 5 in Hexes
 23257 | Spider:1 | HP: 3/126 [jumping spider (16)]
 23265 | Spider:1 | Mangled by an entropy weaver

Vault maps used:
D:1:      elethiomel_arrival_quiet, minmay_lizard_pond
D:3:      saegor_snake_ambush
D:4:      serial_bayou_pond_d
D:5:      grunt_temple_overflow_open, first_ration
D:6:      old_forge, uniq_eustachio, uniq_prince_ribbit1,
          uniq_crazy_yiuf_cottage
D:7:      overflow_temple_1_default, minmay_temple_entry_overgrown,
          serial_shops, nicolae_shop_waterfront, item_on_display_a,
          uniq_menkaure
D:8:      grunt_pizzeria, lemuel_flamethrower_2, uniq_grum
D:9:      lemuel_insect_pit, ashenzari_altar_1, led_sif_book,
          gammafunk_ghost_smash
D:10:     david_lair_generic, orc_0_dummy, serial_shops, kennysheep_mini_moat,
          basic_altar, minivault_8
D:11:     gammafunk_ghost_necromancy, kennysheep_generic_room_5
D:12:     kennysheep_flooded_box
D:13:     david_vaults_1, serial_shops, shop_statue, special_room
D:14:     grunt_dithmenos_smoke
D:15:     gammafunk_depths_entry_grave, minmay_misc_feat_cross, uniq_louise
Temple:   nicolae_temple_no_exploring_needed
Lair:1:   pond, grunt_megastairs_3, infiniplex_staircase_pool_2
Lair:2:   basic_altar, nicolae_volcano_entry_vermiform, gammafunk_ghost_cemetery
Lair:3:   elwin_shoals_entry_rocks, nicolae_spider_entry_non_spiders,
          disabler_island, serial_bayou_shore_b, serial_bayou_shore_a
Lair:5:   nicolae_slime_entry_slimehenge, grunt_megastairs_2
Lair:6:   grunt_lair_end_beastmaster, minivault_19, uniq_kirke
Spider:1: cheibrodos_spider_deadly_dance, hangedman_spider_mandibles,
          nicolae_spider_circle_web, minivault_29
Orc:2:    grunt_orc_community_town_hall, grunt_orc_community_big_house_2,
          grunt_orc_community_big_house_2, grunt_orc_community_house_2,
          grunt_orc_community_house_3, grunt_orc_community_house_3,
          grunt_orc_community_house_3, grunt_orc_community_house_2,
          serial_shops, shop
Volcano:  volcano_village

Skill      XL: |  1  2  3  4  5  6  7  8  9 10 11 12 13 14 15 |
---------------+----------------------------------------------+-----
Dodging        | 3 4 5 6 7 8 10 | 10.0
Shields        | 1 2 3 4 6 7 10 11 | 11.5
Fighting       | 4 5 6 8 10 | 10.0
Polearms       | 1 3 4 |  4.3
Long Blades    | 1 6 8 10 11 12 | 12.3
Invocations    | 3 6 8 10 11 | 11.3
Evocations     | 5 7 9 10 | 10.0
Spellcasting   | 2 7 8 |  8.7
Hexes          | 2 5 |  5.6
Stealth        | |  1.7
Unarmed Combat | |  3.6

Action                   |  1- 3 |  4- 6 |  7- 9 | 10-12 | 13-15 || total
-------------------------+-------+-------+-------+-------+-------++-------
Melee: Unarmed           |    76 |       |       |       |       ||    76
       Tailslap          |     7 |    12 |    55 |    88 |   190 ||   352
       Spear             |    53 |   177 |   173 |       |       ||   403
       Long sword        |       |       |   189 |   679 |   564 ||  1432
       Double sword      |       |       |     6 |       |   573 ||   579
Evoke: Wand              |       |       |     2 |    22 |    10 ||    34
       Lightning rod     |       |       |       |     4 |       ||     4
  Use: Scroll            |       |    13 |     8 |    10 |    17 ||    48
       Potion            |       |       |     4 |     3 |     6 ||    13
 Stab: Sleeping          |     4 |     2 |     3 |       |       ||     9
       Distracted        |       |       |     1 |       |       ||     1
       Petrified         |       |       |       |       |     5 ||     5
  Eat: Chunk             |     3 |     7 |     7 |    15 |    12 ||    44
       Ration            |       |       |     1 |     2 |     7 ||    10
Armor: Skin              |    35 |    45 |    70 |   180 |   272 ||   602
Dodge: Dodged            |    79 |   118 |   220 |   317 |   567 ||  1301
       Deflected         |       |       |       |     7 |     5 ||    12
Block: Buckler           |     4 |    36 |   145 |   387 |   200 ||   772
       Shield            |       |       |       |       |  1020 ||  1020
       Rpst.: Long sword |       |       |    37 |    65 |    64 ||   166
       Double sword      |       |       |     3 |       |    73 ||    76

Table legend:
 A = Non-vault XP
 B = Vault XP
 C = Vault XP percentage of total XP
 D = Non-vault monster count
 E = Vault monster count
 F = Vault count percentage of total count
 G = Total turns spent on level
                 A         B        C        D         E       F
            +---------+---------+-------+---------+---------+-------
      Total |   88992 |   46362 |  34.3 |     571 |     249 |  30.4
            +---------+---------+-------+---------+---------+-------
        D:1 |      37 |       1 |   2.6 |      22 |       1 |   4.3
        D:2 |      12 |       0 |   0.0 |       5 |       0 |   0.0
        D:3 |     143 |       4 |   2.7 |      25 |       3 |  10.7
        D:4 |     205 |       0 |   0.0 |       9 |       0 |   0.0
        D:5 |     411 |       0 |   0.0 |      18 |       0 |   0.0
        D:6 |    1185 |     979 |  45.2 |      26 |      17 |  39.5
        D:7 |    1033 |     165 |  13.8 |      18 |       1 |   5.3
        D:8 |    1059 |     740 |  41.1 |      26 |       5 |  16.1
        D:9 |    1701 |     248 |  12.7 |      21 |      11 |  34.4
       D:10 |    1678 |    2317 |  58.0 |      28 |       8 |  22.2
       D:11 |    3514 |    1902 |  35.1 |      40 |       7 |  14.9
       D:12 |    2478 |       0 |   0.0 |      18 |       0 |   0.0
       D:13 |    8474 |    4377 |  34.1 |      37 |      30 |  44.8
       D:14 |    6732 |       0 |   0.0 |      24 |       0 |   0.0
       D:15 |    5753 |       0 |   0.0 |      15 |       0 |   0.0
     Lair:1 |    2194 |    1346 |  38.0 |      14 |       7 |  33.3
     Lair:2 |    3442 |    3712 |  51.9 |      14 |       4 |  22.2
     Lair:3 |    4962 |    1317 |  21.0 |      22 |      14 |  38.9
     Lair:4 |    6953 |       0 |   0.0 |      20 |       0 |   0.0
     Lair:5 |    4898 |     253 |   4.9 |      22 |       6 |  21.4
     Lair:6 |   12732 |   10459 |  45.1 |      42 |      19 |  31.1
   Spider:1 |   14200 |    7876 |  35.7 |      33 |      40 |  54.8
      Orc:1 |    2462 |       0 |   0.0 |      25 |       0 |   0.0
      Orc:2 |    2556 |    7793 |  75.3 |      46 |      68 |  59.6
    Abyss:2 |     178 |       0 |   0.0 |       1 |       0 |   0.0
    Volcano |       0 |    2873 | 100.0 |       0 |       8 | 100.0
            +---------+---------+-------+---------+---------+-------
